 Dungeon Crawl Stone Soup version 0.25-a0-86-ga6f17ae7d4 (webtiles) character file.

Game seed: 17704744578229568020, levelgen mode: deterministic

123 D1HalberdGnoll the Poker (level 5, -2/41 HPs)
             Began as a Merfolk Skald on Nov 9, 2019.
             Slain by Grinder (3 damage)
             ... on level 3 of the Dungeon.
             The game lasted 00:02:29 (2671 turns).

D1HalberdGnoll the Poker (Merfolk Skald)            Turns: 2671, Time: 00:02:30

Health: -2/41      AC:  4    Str: 13    XL:     5   Next: 7%
Magic:  1/8        EV: 13    Int: 12    God:
Gold:   93         SH:  0    Dex: 13    Spells: 7/8 levels left

rFire    . . .     SeeInvis .   j - +2 spear (venom)
rCold    . . .     Gourm    .   (no shield)
rNeg     . . .     Faith    .   b - +0 leather armour
rPois    .         Spirit   .   g - +0 helmet
rElec    .         Reflect  .   (no cloak)
rCorr    .         Harm     .   (no gloves)
MR       .....                  (no boots)
Stlth    +.........             (no amulet)
HPRegen  0.13/turn              (no ring)
MPRegen  0.11/turn              (no ring)

@: infused (expiring)
A: change form in water, swift swim, stealthy swim
a: no special abilities


You were on level 3 of the Dungeon.
You were hungry.

You visited 1 branch of the dungeon, and saw 3 of its levels.

You collected 93 gold pieces.

Inventory:

Hand Weapons
 j - a +2 spear of venom (weapon)
Armour
 b - a +0 leather armour (worn)
 g - a +0 helmet (worn)
Jewellery
 k - a +4 ring of slaying {unknown}
Scrolls
 c - 3 scrolls of remove curse {unknown}
 e - a scroll of blinking {unknown}
 f - 2 scrolls of identify {unknown}
 m - a scroll of enchant weapon {unknown}
 p - a scroll of immolation {unknown}
Potions
 a - a potion of berserk rage {unknown}
 h - 2 potions of heal wounds {unknown}
 i - a potion of degeneration {unknown}
 l - a potion of cancellation {unknown}
 n - a potion of curing
 o - a potion of agility {unknown}
Comestibles
 d - 8 rations


   Skills:
 + Level 3.2 Fighting
 * Level 5.7 Polearms
 - Level 0.6 Armour
 + Level 4.0 Dodging
 - Level 2.0 Spellcasting
 - Level 3.2 Charms


You had 7 spell levels left.
You knew the following spells:

 Your Spells              Type           Power        Failure   Level  Hunger
a - Infusion              Chrm           #...         9%          1    ##.....

Your spell library contained the following spells:

 Spells                   Type           Power        Failure   Level  Hunger
 Song of Slaying          Chrm           #.......     14%         2    ###....
 Shroud of Golubria       Chrm/Tloc      #.....       26%         2    ###....
 Regeneration             Chrm/Necr      #.........   47%         3    ####...
 Spectral Weapon          Hex/Chrm       #.......     47%         3    ####...


Dungeon Overview and Level Annotations

Branches:
Dungeon (3/15)

Altars:
Dithmenos
Elyvilon

Annotations:
D:3 Grinder


Message History

You completely miss Grinder.
Grinder is heavily wounded.
Grinder hits you.
* * * LOW HITPOINT WARNING * * *
You barely miss Grinder.
Grinder is heavily wounded.
You hit Grinder.
Grinder is poisoned.
Grinder is heavily wounded.
Grinder hits you.
* * * LOW HITPOINT WARNING * * *
Evoke which item? (* to show all) (? for menu, Esc to quit)
Okay, then.
It was a potion of curing.
You feel better. Grinder hits you.
* * * LOW HITPOINT WARNING * * *
You writhe in agony.
* * * LOW HITPOINT WARNING * * *
You feel better. Grinder hits you!
* * * LOW HITPOINT WARNING * * *
You writhe in agony.
You die...

##.## #.###.##.#
####...##########.##.#
+...........#...###...
####...####...P....._.
#........###...###...
#.##.###.#######.##.#
# #.# ##.# #.###.# #.#
#.# #.###.# #@#
#.###.##... #5#
#......#.P. #.#
#####.##... ...
#.###.# #.# #.#.#.#
#.# #.#.#.# ..#
#.....# ### ###.#..
#.###


You could see Grinder.

Vanquished Creatures
  5 adders
  2 worms (D:2)
  5 dart slugs
  4 leopard geckos
  An orc (D:3)
  8 bats
  A giant cockroach (D:2)
  5 hobgoblins
  2 jackals (D:2)
  6 kobolds
  A quokka (D:3)
  5 frilled lizards
  9 goblins
  5 rats
59 creatures vanquished.

Notes
Turn   | Place    | Note
-------+----------+-------------------------------------------
     0 | D:1      | D1HalberdGnoll the Merfolk Skald began the quest for the
                  | Orb.
     0 | D:1      | Reached XP level 1. HP: 16/16 MP: 3/3
   277 | D:1      | Reached XP level 2. HP: 21/23 MP: 1/5
   429 | D:1      | Reached skill level 4 in Polearms
   563 | D:1      | Reached XP level 3. HP: 28/28 MP: 6/6
  1426 | D:2      | Found a faded altar of an unknown god.
  1439 | D:2      | Reached XP level 4. HP: 34/34 MP: 7/7
  1527 | D:2      | Reached skill level 5 in Polearms
  1819 | D:3      | Found a shadowy altar of Dithmenos.
  2414 | D:3      | Found a white marble altar of Elyvilon.
  2651 | D:3      | Noticed Grinder
  2657 | D:3      | Reached XP level 5. HP: 34/41 MP: 5/8
  2671 | D:3      | HP: 1/41 [Grinder (9)]
  2671 | D:3      | Slain by Grinder

Levels and vault maps discovered:
D:1:      sevenhm_arrival_forest_fort_small_5, layout_basic, serial_forest,
          infiniplex_forest_lined_room_3, infiniplex_forest_clump_diagonal,
          infiniplex_forest_zigzag_2, infiniplex_forest_lined_corner,
          infiniplex_forest_end_2, infiniplex_forest_clump_tiny,
          infiniplex_forest_clump_double
D:2:      layout_loops_ring, chequers_ecumenical_altar_island, corexii_shack
D:3:      layout_loops_corners, nicolae_overflow_hidden_temple,
          elyvilon_altar_1, first_ration, chequers_serial_rivers_small_a,
          uniq_grinder

Skill      XL: |  1  2  3  4 |
---------------+-------------+-----
Dodging        | 3 4 |  4.0
Polearms       | 4 5 |  5.7
Fighting       | 3 |  3.2
Armour         | |  0.6
Spellcasting   | |  2.0
Charms         | |  3.2

Action                   |  1- 3 |  4- 6 || total
-------------------------+-------+-------++-------
Melee: Spear             |    93 |    72 ||   165
 Cast: Infusion          |     4 |     2 ||     6
  Use: Potion            |       |     2 ||     2
 Stab: Sleeping          |     3 |       ||     3
  Eat: Chunk             |     2 |     3 ||     5
Armor: Leather armour    |    12 |     6 ||    18
Dodge: Dodged            |    26 |    24 ||    50

Table legend:
 A = Non-vault XP
 B = Vault XP
 C = Vault XP percentage of total XP
 D = Non-vault monster count
 E = Vault monster count
 F = Vault count percentage of total count
                 A         B        C        D         E       F
            +---------+---------+-------+---------+---------+-------
      Total |     174 |       2 |   1.1 |      58 |       1 |   1.7
            +---------+---------+-------+---------+---------+-------
        D:1 |      42 |       0 |   0.0 |      22 |       0 |   0.0
        D:2 |      55 |       2 |   3.5 |      19 |       1 |   5.0
        D:3 |      77 |       0 |   0.0 |      17 |       0 |   0.0
            +---------+---------+-------+---------+---------+-------
